 Dungeon Crawl Stone Soup version 0.32-a0-814-g0968bab981 (webtiles) character file.

Game seed: 9205647374263962764

130 Orlauf the Slasher (level 4, -10/35 HPs)
             Began as a Demonspawn Gladiator on Mar 22, 2024.
             Mangled by an orc
             ... wielding a +0 morningstar
              (20 damage)
             ... on level 7 of the Dungeon.
             The game lasted 00:05:17 (2479 turns).

Orlauf the Slasher (Demonspawn Gladiator)           Turns: 2479, Time: 00:05:18

Health: -10/35     AC: 11    Str: 16    XL:     4   Next: 89%
Magic:  4/4        EV:  2    Int:  8    God:
Gold:   170        SH:  0    Dex: 15    Spells: 3/3 levels left

rFire   . . .        a - +0 long sword
rCold   . . .        (no shield)
rNeg    . . .        k - +0 ring mail
rPois   .            c - +0 helmet
rElec   .            m - +2 cloak
rCorr   .            (no gloves)
SInv    .            (no boots)
Will    .....        j - amulet of reflection
Stlth   +            (no ring)
HPRegen 0.25/turn    (no ring)
MPRegen 0.09/turn

%: reflection
@: sleeping, hasted
A: slimy green scales 1, ignite blood 1, weakness stinger 1
a: Convert to Beogh


You were on level 7 of the Dungeon.
You visited 1 branch of the dungeon, and saw 5 of its levels.

You collected 170 gold pieces.

Inventory:

Hand Weapons
 a - a +0 long sword (weapon)
 b - a +1 dagger of venom
Missiles
 d - 2 throwing nets
 e - a javelin (quivered)
 l - 2 poisoned darts
Armour
 c - a +0 helmet (worn)
 k - a +0 ring mail (worn)
 m - a +2 cloak (worn)
Jewellery
 j - an amulet of reflection (around neck)
 p - an amulet of faith
Scrolls
 i - 2 scrolls of identify
 q - 2 scrolls of poison
Potions
 g - a potion of attraction
 h - a potion of haste
 n - 2 potions of curing


   Skills:
 + Level 3.0 Fighting
 * Level 4.1 Long Blades
 - Level 1.7 Throwing
 + Level 1.9 Armour
 - Level 2.6 Dodging


You had 3 spell levels left.
You didn't know any spells.
Your spell library contained the following spells:

 Spells                   Type           Power      Damage    Failure   Level
 Apportation              Tloc           0%         N/A       63%         1
 Necrotise                Necr           0%         1d4       63%         1
 Sting                    Conj/Alch      0%         1d3       63%         1
 Summon Small Mammal      Summ           0%         N/A       63%         1
 Call Imp                 Summ           0%         N/A       77%         2
 Sublimation of Blood     Necr           0%         N/A       77%         2
 Call Canine Familiar     Summ           0%         N/A       94%         3
 Summon Blazeheart Golem  Fire/Summ      0%         N/A       100%        4
 Summon Hydra             Summ           0%         N/A       100%        7


Dungeon Overview and Level Annotations

Branches:
Dungeon (4/15)
 Temple: D:4-7

Altars:
Qazlal


Innate Abilities, Weirdness & Mutations

You are partially covered in slimy green scales. (AC +2)
Your demonic aura sometimes causes spilled blood to erupt in flames.
You have a small tail.


Message History

An orc comes into view. It is wielding a +0 whip.
Found a potion of attraction.
You hear some strange, mumbled words.
You are confused.
The orc priest miscasts a cantrip.
Something hits you but does no damage. Something hits you but does no damage.
You miss something.
You hear some strange, mumbled words.
A puff of flame appears from out of thin air!
The puff of flame hits you. Something hits you but does no damage.
The orc priest looks braver for a moment.
The orc hits you with a +0 mace.
Okay, then.
You feel better. The orc hits you but does no damage.
Something hits you but does no damage. The orc barely misses you.
You feel yourself speed up. The orc closely misses you.
Something hits you but does no damage. The orc hits you with a +0 mace.
You hit the orc.
The orc is lightly wounded.
The orc barely misses you.
You slash the orc!
You kill the orc!
Something hits you but does no damage. You block the sleepcap's attack.
The orc priest invokes the aid of Beogh against you.
Beogh smites you! The orc hits you but does no damage.
The orc priest shouts, "Surrender to Beogh and we'll let you live!" (press Y on the ability menu to convert to Beogh)
You barely miss the orc.
You hear some strange, mumbled words.
A magic dart appears from out of thin air!
The magic dart hits you. The orc barely misses you.
The sleepcap releases spores at you.
* * * LOW HITPOINT WARNING * * *
You are engulfed in a cloud of soporific spores!
You fall asleep.
The orc hits you but does no damage.
The orc hits you with a +0 morningstar!!
Ouch! That really hurt!
You die...

#.o..o.
#......
#...<..
#...... ######
#......##....#
#......o)....#
#......#)....#
#......#.oooo#
#......##.{@.#
#...... #.f..#
#![..........#
#............#
#............#
.....##....#
..... #....#
..!. #....#
.... #....#


You could see a sleepcap, an orc priest and 4 orcs.

Vanquished Creatures
  A hound (D:4)
  2 adders (D:2)
  5 dart slugs
  2 ribbon worms
  3 orcs (D:7)
  5 ball pythons
  8 bats
  3 endoplasms
  2 giant cockroaches (D:1)
  4 goblins
  6 hobgoblins
  4 jackals (D:3)
  5 quokkas
  3 frilled lizards
  7 kobolds
  4 rats
64 creatures vanquished.

Vanquished Creatures (others)
  A goblin (D:2)
1 creature vanquished.

Grand Total: 65 creatures vanquished

Notes
Turn   | Place    | Note
-------+----------+-------------------------------------------
     0 | D:1      | Orlauf the Demonspawn Gladiator began the quest for the
                  | Orb.
     0 | D:1      | Reached XP level 1. HP: 16/16 MP: 1/1
   101 | D:1      | Reached skill level 3 in Long Blades
   117 | D:1      | Gained mutation: Your demonic aura sometimes causes spilled
                  | blood to erupt in flames. [demonic ancestry]
   117 | D:1      | Reached XP level 2. HP: 22/22 MP: 2/2
   517 | D:1      | Reached skill level 1 in Armour
   560 | D:1      | Gained mutation: You have a small tail. [demonic ancestry]
   560 | D:1      | Reached XP level 3. HP: 28/28 MP: 3/3
  1405 | D:2      | Gained mutation: You are partially covered in slimy green
                  | scales. (AC +2) [demonic ancestry]
  1405 | D:2      | Reached XP level 4. HP: 34/34 MP: 4/4
  2103 | D:3      | Found a stormy altar of Qazlal.
  2432 | D:4      | Reached skill level 4 in Long Blades
  2454 | D:4      | You fall into a shaft and drop 3 floors!
  2479 | D:7      | Mangled by an orc

Illustrated notes

Levels and vault maps discovered:
D:1:      amcnicky_arrival_choice, layout_rooms, corner_web_ring
D:2:      wad_pebble_path, layout_basic
D:3:      layout_basic, mainiacjoe_overflow_paths
D:4:      layout_cave_pods, mainiacjoe_overflow_surrounded_room
D:7:      layout_gridville, enter_bailey_5

Skill      XL: |  1  2  3  4 |
---------------+-------------+-----
Long Blades    | 3 4 |  4.1
Armour         | 1 |  1.9
Fighting       | 3 |  3.0
Throwing       | |  1.7
Dodging        | |  2.6

Action                     |  1- 3 |  4- 6 || total
---------------------------+-------+-------++-------
  Melee: Long sword        |   131 |    65 ||   196
         Tailslap          |     5 |     3 ||     8
  Throw: Throwing net      |     3 |       ||     3
         Javelin           |     1 |       ||     1
    Use: Scroll            |     2 |     8 ||    10
         Potion            |       |     2 ||     2
 Armour: Leather armour    |    83 |       ||    83
         Ring mail         |     2 |    52 ||    54
  Dodge: Dodged            |    69 |    37 ||   106
  Block: Other             |    19 |    17 ||    36
         Reflection        |     2 |       ||     2

Table legend: (Time is in decaauts)
 A = Elapsed time spent in this place.
 B = Non-inter-level travel time spent in this place.
 C = Inter-level travel time spent in this place.
 D = Time resting spent in this place.
 E = Time spent auto-exploring this place.
 F = Levels seen in this place.
 G = Mean time per level.
                   A        B        C        D        E       F      G
               +--------+--------+--------+--------+--------+-----+--------+
         Total |   2522 |   2459 |     63 |    428 |   1421 |   5 |  504.4 |
       Dungeon |   2522 |   2459 |     63 |    428 |   1421 |   5 |  504.4 |
               +--------+--------+--------+--------+--------+-----+--------+

Top non-repeatable levels by time:
     D:2: 1004 daAuts
     D:3: 743 daAuts
     D:1: 682 daAuts
     D:4: 66 daAuts
     D:7: 25 daAuts
